 Dungeon Sprint DCSS version 0.29-a0-857-g9b1aa3ac5b (webtiles) character file.

Game seed: 10022365936443487335

1907 manyhoops the Carver (level 9, -2/84 HPs)
             Began as a Human Berserker on July 16, 2022.
             Was a High Priest of Trog.
             Shot with a bolt by a yaktaur (15 damage)
             ... in the Dungeon (Sprint II: "The Violet Keep of Menkaure").
             The game lasted 00:03:24 (283 turns).

manyhoops the Carver (Human Berserker)               Turns: 283, Time: 00:03:24

Health: -2/84      AC: 13    Str: 21    XL:     9   Next: 38%
Magic:  9/9        EV:  8    Int:  9    God:    Trog [*****.]
Gold:   282        SH:  0    Dex: 12    Spells: 8/8 levels left

rFire   . . .      SeeInvis .   a - +0 falchion
rCold   . . .      Faith    .   (no shield)
rNeg    . . .      Spirit   .   e - +1 chain mail {rPois}
rPois   +          Reflect  .   (no helmet)
rElec   .          Harm     +   (no cloak)
rCorr   .          Rampage  .   i - +0 pair of gloves "Hops" {-Tele Harm Regen+ Slay+5}
Will    ++...      NoTele   +   (no boots)
Stlth   ..........              d - amulet of the acrobat
HPRegen 1.24/turn               (no ring)
MPRegen 0.11/turn               (no ring)

@: strong-willed, on berserk cooldown, regenerating, slowed, very slow
A: no striking features
a: Renounce Religion, Berserk, Trog's Hand, Brothers in Arms


You were in the Dungeon.
You worshipped Trog.
Trog was extremely pleased with you.
You visited 1 branch You collected 972 gold pieces.
You spent 690 gold pieces at shops.

Inventory:

Hand Weapons
 a - a +0 falchion (weapon)
Armour
 b - a +0 animal skin
 e - a +1 chain mail of poison resistance (worn)
 i - the +0 pair of gloves "Hops" (worn) {-Tele Harm Regen+ Slay+5}
   (You bought it in a shop in the Dungeon)

   Slay:      It affects your accuracy & damage with ranged weapons and melee
   (+5).
   -Tele:     It prevents most forms of teleportation.
   Regen:     It increases your rate of health regeneration.
   Harm:      It increases damage dealt and taken.
Jewellery
 d - an amulet of the acrobat (around neck)
Scrolls
 h - a scroll of blinking
Potions
 c - a potion of curing
 f - 2 potions of magic
 g - a potion of berserk rage
 j - a potion of haste
 k - a potion of heal wounds


   Skills:
 - Level 12.7 Fighting
 - Level 14.2 Long Blades
 + Level 7.9 Armour
 - Level 2.0 Dodging


You had 8 spell levels left.
You didn't know any spells.
Your spell library was empty.

Dungeon Overview and Level Annotations

Branches:
Dungeon (1/1)

Altars:
Cheibriados
Dithmenos
Elyvilon
Fedhas
Gozag
Hepliaklqana
Kikubaaqudgha
Makhleb
Nemelex Xobeh
Okawaru
Qazlal
Ru
Sif Muna
Trog
Uskayaw
Vehumet
Wu Jian
Xom
Yredelemnul
Zin
The Shining One
Jiyva
Lugonu

Shops:
D *=:[(?(:!!(=[[*

Annotations:
D exclusion: oklob plant


Message History

The polar bear is moderately wounded.
You slash the polar bear!
The polar bear is heavily wounded.
You are no longer berserk.
You are exhausted.
You feel yourself slow down.
You hit the polar bear.
The polar bear is lightly wounded.
The polar bear bites you. The polar bear claws you.
* * * LOW HITPOINT WARNING * * *
The polar bear claws you but does no damage.
The polar bear bites you.
* * * LOW HITPOINT WARNING * * *
The polar bear claws you but does no damage. x2
Okay, then.
You cannot blink because you are wearing the +0 pair of gloves "Hops" {-Tele Harm Regen+ Slay+5}.
The polar bear attacks as you move away!
The polar bear closely misses you.
The polar bear claws you but does no damage.
The polar bear claws you.
* * * LOW HITPOINT WARNING * * *
There is a shimmering altar of Xom here.
The polar bear barely misses you. The polar bear misses you.
The polar bear completely misses you. The polar bear closely misses you. x2
The polar bear completely misses you.
There is a shimmering blue altar of Sif Muna here.
You cannot blink because you are wearing the +0 pair of gloves "Hops" {-Tele Harm Regen+ Slay+5}.
Your skin stops crawling.
You feel less strong-willed.
There is an ancient bone altar of Kikubaaqudgha here.
Your skin crawls.
You feel strong-willed. The polar bear bites you.
* * * LOW HITPOINT WARNING * * *
The polar bear claws you but does no damage. x2
The polar bear bites you.
* * * LOW HITPOINT WARNING * * *
The polar bear claws you but does no damage.
The polar bear barely misses you.
The yaktaur wields a +0 arbalest.
The yaktaur shoots a bolt.
The bolt hits you!
You die...

.#.#..# #..# .#▓:$=!??[!▓▓
.##'..####.^##.#▓:!)?!$?(▓▓
..##....###.^.##▓▓▓▓▓▓▓+▓▓▓▓
#.##......≈≈≈≈≈≈≈≈≈≈≈≈≈...Xw
##≈≈.....≈#†########'###.w≈
#≈≈≈≈≈≈≈.§≈#._._._..#§≈≈#
#≈≈≈≈≈≈≈≈.≈#.._c_._.#§§§≈#
≈≈≈≈§≈§≈≈≈≈#._.h._._#≈§§§≈#
≈≈≈≈≈§§≈≈≈≈#_.yh@._.#≈§≈§§≈#
+#≈≈§§§≈≈≈≈#._._._..#≈§≈≈§§+
##§≈≈###≈≈#_._._...#≈≈≈≈≈§#
##§≈ #§≈#._._....#§≈≈ +≈≈
#≈≈#_._.....#≈§≈ #
≈≈≈##########≈≈§
####≈≈≈≈≈≈≈≈≈≈≈≈
###≈########≈▓▓


You could see 2 polar bears, a yaktaur and a hornet.

Vanquished Creatures
  A merfolk siren (D)
  A polar bear (D)
  2 wyverns (D)
  4 neqoxecs (D)
  Menkaure (D)
  4 water moccasins (D)
  3 worms (D)
16 creatures vanquished.

Vanquished Creatures (others)
  4 tentacles (D)
4 creatures vanquished.

Grand Total: 20 creatures vanquished

Notes
Turn   | Place    | Note
-------+----------+-------------------------------------------
     0 | D        | manyhoops the Human Berserker began the quest for the Orb.
     0 | D        | Reached XP level 1. HP: 18/18 MP: 1/1
     1 | D        | Noticed a merfolk siren
    48 | D        | Killed a merfolk siren
    49 | D        | Reached skill level 10 in Long Blades
    49 | D        | Reached XP level 2. HP: 28/34 MP: 2/2
    49 | D        | Reached XP level 3. HP: 33/40 MP: 3/3
    49 | D        | Reached XP level 4. HP: 38/46 MP: 4/4
    49 | D        | Reached XP level 5. HP: 43/52 MP: 5/5
    49 | D        | Reached XP level 6. HP: 49/59 MP: 6/6
    60 | D        | Reached ** piety under Trog
    79 | D        | Noticed a wyvern
    79 | D        | Noticed a wyvern
    86 | D        | Killed a wyvern
    87 | D        | Reached skill level 10 in Fighting
    87 | D        | Reached skill level 11 in Long Blades
    87 | D        | Reached XP level 7. HP: 65/67 MP: 7/7
    90 | D        | Killed a wyvern
    90 | D        | Reached *** piety under Trog
    91 | D        | Reached skill level 12 in Long Blades
   100 | D        | Found Yrimowim's Antique Weapon Emporium.
   100 | D        | Found Meit's Antique Armour Emporium.
   100 | D        | Found Gifegucaen's Book Shoppe.
   100 | D        | Found Kusmian's Assorted Antiques.
   100 | D        | Found Etior's Distillery.
   100 | D        | Found Negresug's Jewellery Shoppe.
   100 | D        | Found Nofubitac's Antique Armour Shoppe.
   101 | D        | Found Qiynut's Distillery.
   101 | D        | Found Icur's Weapon Shoppe.
   102 | D        | Found Deppur's Magic Scroll Shoppe.
   102 | D        | Found Qemishr Guho's Antique Weapon Emporium.
   104 | D        | Found Nusse's Antique Armour Shoppe.
   104 | D        | Noticed Menkaure
   104 | D        | Noticed a hell hog
   104 | D        | Noticed a hell hog
   104 | D        | Noticed an oklob plant
   104 | D        | Noticed a yak
   105 | D        | Found Joroinem's Jewellery Shoppe.
   105 | D        | Found Keshool's General Store.
   105 | D        | Found Fogoba's Book Shoppe.
   105 | D        | Noticed a yak
   105 | D        | Noticed a yak
   109 | D        | Bought a glowing chain mail for 172 gold pieces
   109 | D        | Bought a pair of blackened gloves for 218 gold pieces
   109 | D        | Identified the +0 pair of gloves "Hops" {-Tele Harm Regen+
                  | Slay+5} (You bought it in a shop in the Dungeon)
   119 | D        | Killed Menkaure
   120 | D        | Reached XP level 8. HP: 22/75 MP: 8/8
   131 | D        | Bought a tiny filigree amulet for 120 gold pieces
   140 | D        | Bought a potion of haste for 120 gold pieces
   140 | D        | Bought a potion of heal wounds for 60 gold pieces
   161 | D        | Reached skill level 13 in Long Blades
   174 | D        | Reached **** piety under Trog
   214 | D        | Found a glowing silver altar of Zin.
   214 | D        | Found a radiant altar of Vehumet.
   215 | D        | Found a glowing golden altar of the Shining One.
   215 | D        | Found a basalt altar of Yredelemnul.
   215 | D        | Found a hide-covered altar of Uskayaw.
   215 | D        | Found a sparkling altar of Nemelex Xobeh.
   216 | D        | Found a shimmering altar of Xom.
   216 | D        | Found a bloodstained altar of Trog.
   216 | D        | Found a burning altar of Makhleb.
   217 | D        | Found an ornate altar of the Wu Jian Council.
   217 | D        | Found a shimmering blue altar of Sif Muna.
   217 | D        | Found a corrupted altar of Lugonu.
   217 | D        | Found a blossoming altar of Fedhas.
   217 | D        | Found an iron altar of Okawaru.
   217 | D        | Found an opulent altar of Gozag.
   218 | D        | Found a sacrificial altar of Ru.
   218 | D        | Found an ancient bone altar of Kikubaaqudgha.
   218 | D        | Found a white marble altar of Elyvilon.
   222 | D        | Found a stormy altar of Qazlal.
   222 | D        | Found a viscous altar of Jiyva.
   222 | D        | Found a shadowy altar of Dithmenos.
   234 | D        | Reached skill level 14 in Long Blades
   236 | D        | Found a hazy altar of Hepliaklqana.
   236 | D        | Found a snail-covered altar of Cheibriados.
   246 | D        | Noticed a kraken
   254 | D        | Noticed a yaktaur
   254 | D        | Noticed a hornet
   254 | D        | Noticed a polar bear
   254 | D        | Noticed a polar bear
   255 | D        | Noticed a polar bear
   262 | D        | Reached XP level 9. HP: 48/84 MP: 9/9
   264 | D        | Reached skill level 5 in Armour
   275 | D        | Killed a polar bear
   275 | D        | Reached ***** piety under Trog
   283 | D        | Shot with a bolt by a yaktaur

Illustrated notes

Levels and vault maps discovered:
D:        the_violet_keep_of_menkaure [sprint2_stairs_cluster_1,
          sprint2_shoproom, sprint2_temple, sprint2_basic_supplies,
          sprint2_obstacle_5, sprint2_obstacle_1, sprint2_obstacle_4,
          sprint2_obstacle_6, sprint2_obstacle_3, sprint2_timed_cluster_1,
          sprint2_smallroom_cluster_1, sprint2_smallroom_final_cluster_1,
          sprint2_transparent_cluster_1, sprint2_second_timed_cluster_1,
          sprint2_sniper_area_1, sprint2_heavy_combat_area_1,
          sprint2_mutation_trap_area_1, sprint2_forest_area_1,
          sprint2_light_combat_area_1, sprint2_behind_water_1,
          sprint2_near_end_vault_1]

Skill      XL: |  1  2  3  4  5  6  7  8  9 |
---------------+----------------------------+-----
Fighting       | 9 10 11 12 | 12.7
Long Blades    | 10 11 12 14 | 14.2
Armour         | 4 7 |  7.9
Dodging        | |  2.0

Action                   |  1- 3 |  4- 6 |  7- 9 || total
-------------------------+-------+-------+-------++-------
Melee: Falchion          |    44 |    19 |    59 ||   122
       Punch             |       |     1 |       ||     1
Invok: Berserk           |       |     1 |     2 ||     3
       Trog's Hand       |       |       |     4 ||     4
  Use: Potion            |     1 |       |     1 ||     2
Armor: Animal skin       |       |     1 |       ||     1
       Chain mail        |       |       |    24 ||    24
Dodge: Dodged            |     1 |    12 |    38 ||    51

Table legend: (Time is in decaauts)
 A = Elapsed time spent in this place.
 B = Non-inter-level travel time spent in this place.
 C = Inter-level travel time spent in this place.
 D = Time resting spent in this place.
 E = Time spent auto-exploring this place.
 F = Levels seen in this place.
 G = Mean time per level.
                   A        B        C        D        E       F      G
               +--------+--------+--------+--------+--------+-----+--------+
         Total |    268 |    268 |      0 |      0 |      0 |   1 |  268.0 |
       Dungeon |    268 |    268 |      0 |      0 |      0 |   1 |  268.0 |
               +--------+--------+--------+--------+--------+-----+--------+

Top non-repeatable levels by time:
       D: 268 daAuts
